 Dungeon Crawl Stone Soup version 0.20-a0-959-gdc9e609 (webtiles) character file.

14 4thArraOfDagon the Skirmisher (level 2, 2/24 HPs)
             Began as a Mummy Fighter on Apr 6, 2017.
             Quit the game on level 8 of the Dungeon.
             The game lasted 00:02:10 (439 turns).

4thArraOfDagon the Skirmisher (Mummy Fighter)        Turns: 439, Time: 00:02:11

Health: 2/24       AC:  6    Str: 19    XL:     2   Next: 31%
Magic:  2/2        EV:  7    Int:  7    God:
Gold:   34         SH:  8    Dex: 11    Spells: 1/1 levels left

rFire    x . .     SeeInvis .   a - +0 long sword
rCold    + . .     Gourm    .   c - +0 shield
rNeg     + + +     Faith    .   b - +0 scale mail
rPois    ∞         Spirit   .   (no helmet)
rElec    .         Reflect  .   (no cloak)
rCorr    .         Harm     .   (no gloves)
MR       .....                  (no boots)
Stlth    +.........             (no amulet)
Regen    0.1/turn               e - ring of stealth
MPRegen  0.1/turn               (no ring)

@: no status effects
A: no food or potions, fire vulnerability, cold resistance 1, negative energy
resistance 3, torment resistance, unbreathing
a: no special abilities


You were on level 8 of the Dungeon.
You were not hungry.

You visited 1 branch of the dungeon, and saw 7 of its levels.

You collected 34 gold pieces.

Inventory:

Hand Weapons
 a - a +0 long sword (weapon)
Armour
 b - a +0 scale mail (worn)
 c - a +0 shield (worn)
Jewellery
 e - a ring of stealth (left hand)
Scrolls
 d - a scroll of identify
 f - a scroll of amnesia


   Skills:
 - Level 3.0 Fighting
 * Level 2.4 Long Blades
 - Level 2.4 Armour
 - Level 2.4 Shields


You had one spell level left.
You didn't know any spells.

Dungeon Overview and Level Annotations

Branches:
Dungeon (8/15)
 Temple: D:4-7         Lair: D:8-11

Altars:
Uskayaw

Shops:
D:6 *

Annotations:
D:1 1 exclusion
D:6 Dowan, Duvessa


Innate Abilities, Weirdness & Mutations

You do not eat or drink.
Your flesh is vulnerable to fire.
You are immune to poison.
Your flesh is cold resistant. (rC+)
You are immune to negative energy. (rN+++)
You are immune to unholy pain and torment.
You can survive without breathing.


Message History

The worker ant closely misses you.
You riposte.
You hit the worker ant but do no damage.
Unknown command.
Unknown command.
The adder skeleton closely misses you. The worker ant bites you.
* * * LOW HITPOINT WARNING * * *
The worker ant waves its antennae.
There is a stone staircase leading down here.
The adder skeleton bites you but does no damage.
You block the worker ant's attack.
You climb downwards.
Found a scroll of identify.
There is a stone staircase leading up here.
Unknown command.
You barely miss the worker ant. The worker ant bites you.
* * * LOW HITPOINT WARNING * * *
The worker ant bites you but does no damage.
Unknown command.
Are you sure you want to abandon this character and quit the game? (Confirm with "yes".)

#### #..
#####
#a#......
#@..#
##.## .#
.. .## .#
.. ..


You could see a worker ant.

Vanquished Creatures
  An adder skeleton (D:4)
  A dart slug (D:1)
  A ball python (D:1)
  A hobgoblin (D:1)
  A bat (D:1)
  A frilled lizard (D:1)
  5 kobolds
11 creatures vanquished.

Notes
Turn   | Place    | Note
-------+----------+-------------------------------------------
     0 | D:1      | 4thArraOfDagon the Mummy Fighter began the quest for the Orb.
     0 | D:1      | Reached XP level 1. HP: 18/18 MP: 1/1
   145 | D:1      | Reached XP level 2. HP: 10/24 MP: 2/2
   310 | D:3      | Found a hide-covered altar of Uskayaw.
   395 | D:4      | Noticed a scorpion
   423 | D:3      | You fall through a shaft for 3 floors!
   423 | D:6      | Found Ulodit's Assorted Antiques.
   423 | D:6      | Noticed Duvessa
   423 | D:6      | Noticed Dowan
   423 | D:6      | Noticed an ice beast
   439 | D:8      | Quit the game

Vault maps used:
D:1:      erik_arrival_triangle_large, minmay_domino_4
D:2:      kennysheep_goblin_castle, ashenzari_conservatory_becter,
          serial_corexii_hall, corexii_hall_statues_deadend,
          corexii_hall_statues_s
D:3:      lemuel_round_altar, first_bread
D:4:      minmay_temple_entry_enclosed_plants, minivault_14, uniq_menkaure
D:6:      grunt_temple_overflow_champion_of_chaos, serial_shops,
          nicolae_shop_overgrown_old_shop, centaur_isle, uniq_duvessa
D:7:      grunt_temple_overflow_open, nicolae_ru_awakened_eye
D:8:      lemuel_round_altar

Skill      XL: |  1 |
---------------+----+-----
Long Blades    | 2 |  2.4
Fighting       | |  3.0
Armour         | |  2.4
Shields        | |  2.4

Action                   || total
-------------------------++-------
Melee: Long sword        ||    54
  Use: Scroll            ||     1
Armor: Scale mail        ||    25
Dodge: Dodged            ||    14
Block: Shield            ||    33
       Rpst.: Long sword ||     5
